AoeStats
← [ICMW] DEMBA

African Clearing

505076521Analyzed
2v2 RM · 24d ago on Sep 7, 2026· 36m 6s· 4 players
Game mode
Random Map
Map size
Medium (4 player)
Population
200
Speed
Normal
Resources
Standard
Victory
Conquest
Starting age
Dark Age
Ending age
Imperial Age
RankedLock teamsTeams togetherTeam positionsShared explorationLock speedFull tech treeHidden civsTurbo modeCheats
Victory
Defeat
🇦🇹 Chinese · Austria
1471
+12
🇦🇹 Magyars · Austria
1245
+21
🇹🇷 Gurjaras · Türkiye
1422
-19
🇹🇷 Persians · Türkiye
1315
-14
c11|dreckimohr
8:41 Loom
12:02 Feudal Age
13:34 Double-Bit Axe
15:04 Wheelbarrow
18:10 Horse Collar
20:44 Fletching
23:09 Town Watch
23:50 Scale Barding Armor
27:39 Castle Age
28:16 Bloodlines
27:42 Light Cavalry
32:47 Chain Barding Armor
37:44 Imperial Age
35:16 Stone Mining
Nerdi.Aut
3:00 Loom
13:03 Feudal Age
13:36 Double-Bit Axe
14:09 Fishing Lines
18:00 Scale Barding Armor
18:06 Forging
18:38 Bloodlines
21:11 Scale Mail Armor
24:02 Castle Age
22:27 Gold Mining
23:03 Horse Collar
25:07 Chain Barding Armor
25:05 Gillnets
26:45 Iron Casting
28:38 Husbandry
32:13 Gold Shaft Mining
32:50 Bow Saw
35:17 Wheelbarrow
[ICMW] Telepuni
10:29 Loom
12:18 Feudal Age
16:21 Castle Age
16:45 Scale Barding Armor
23:54 Double-Bit Axe
25:17 Horse Collar
28:26 Forging
34:05 Iron Casting
[ICMW] DEMBA
3:19 Loom
14:23 Feudal Age
24:02 Castle Age
23:51 Forging
Connection lost

Rejoining the realm…

Still unreachable

The connection could not be restored.

Session expired

The server has moved on; the page needs a fresh start.